Map: 포트 알렉산더 - 래더

Players

Neeb

  • Race: Protoss Protoss
  • Spawn Location: 5:00

Trap - Winner!

  • Race: Protoss Protoss
  • Spawn Location: 11:00

Event: IEM Season 13: Katowice (2019)

VOD

Have the link to the VOD?

Description

Time

  • Played on: Feb. 28, 2019, 11:06 a.m.
  • Length: 9:24

All games in this series

Show
View Real Time Build Order
Export as new Build Order

Neeb Protoss 

Build Orders: 1 Gate Expand 

Get SALT Encoding   

  12  0:00  Probe  
  13  0:12  Probe  
  14  0:18  Pylon  
  14  0:24  Probe  
  15  0:32  Probe  
  15  0:38  Gateway  
  15  0:40  Probe  
  16  0:47  Assimilator  
  17  0:51  Probe  
  18  1:03  Probe  
  19  1:15  Probe  
  20  1:25  Nexus  
  20  1:35  Cybernetics Core  
  20  1:37  Probe  
  21  1:46  Pylon  
  21  1:50  Probe  
  21  1:53  Assimilator  
  22  2:02  Stalker, Probe  
  23  2:14  Probe  
  26  2:24  Warp Gate, Stalker  
  26  2:26  Probe  
  29  2:38  Probe  
  29  2:39  Probe, Shield Battery  
  31  2:50  Probe  
  32  2:52  Stalker  
  35  3:03  Robotics Facility  
  36  3:08  Shield Battery  
  33  3:14  Probe  
  33  3:16  Probe  
  34  3:26  Probe  
  35  3:28  Probe  
  35  3:30  Gateway  
  36  3:38  Sentry  
  36  3:39  Probe  
  36  3:40  Probe  
  40  3:43  Forge  
  40  3:45  Observer  
  40  3:48  Pylon  
  40  3:51  Probe x2  
  43  3:59  Probe  
  43  4:00  Probe  
  43  4:03  Warp Prism  
  43  4:07  Probe  
  43  4:09  Pylon  
  47  4:11  Probe  
  47  4:15  Protoss Ground Weapons Level 1  
  49  4:22  Probe  
  50  4:24  Adept x2  
  50  4:27  Probe  
  50  4:29  Assimilator  
  55  4:32  Assimilator  
  55  4:34  Probe  
  56  4:39  Probe  
  56  4:46  Probe  
  56  4:48  Stalker  
  56  4:51  Probe, Stalker  
  56  5:01  Probe  
  56  5:05  Probe  
  56  5:12  Immortal  
  56  5:13  Probe  
  59  5:17  Adept, Probe  
  62  5:25  Twilight Council  
  62  5:27  Pylon  
  62  5:34  Probe  
  62  5:36  Probe  
  60  5:44  Adept  
  60  5:46  Probe  
  60  5:48  Probe, Pylon  
  63  5:51  Stalker  
  60  5:58  Probe  
  60  6:01  Probe  
  60  6:03  Immortal  
  60  6:04  Charge  
  60  6:10  Probe  
  57  6:13  Probe  
  62  6:20  Adept, Probe  
  62  6:22  Probe  
  66  6:29  Probe  
  66  6:30  Probe  
  66  6:37  Probe  
  66  6:39  Gateway  
  68  6:41  Gateway  
  69  6:51  Sentry  
  69  6:52  Sentry  
  73  6:56  Gateway  
  73  6:57  Gateway  
  73  7:05  Gateway  
  71  7:13  Gateway  
  71  7:14  Gateway  
  71  7:19  Zealot x2  
  75  7:32  Pylon  
  75  7:34  Pylon  
  75  7:48  Zealot  
  77  7:57  Zealot  
  77  7:58  Zealot x4  
  87  8:13  Pylon x3  
  87  8:17  Pylon  
  87  8:31  Pylon  
  87  8:33  Zealot x8  
  103  8:56  Zealot x7  
  109  9:07  Zealot  
  93  9:16  Zealot x4  
  71  9:19  Zealot  
Show
View Real Time Build Order
Export as new Build Order

Trap Protoss - Winner!

Build Orders: Zealot Archon 

Get SALT Encoding   

  12  0:00  Probe  
  13  0:12  Probe  
  14  0:18  Pylon  
  14  0:24  Probe  
  15  0:32  Probe  
  15  0:39  Gateway  
  15  0:40  Probe  
  17  0:50  Probe  
  17  0:54  Assimilator  
  18  0:58  Assimilator  
  18  0:59  Probe  
  19  1:07  Probe  
  20  1:13  Gateway  
  20  1:17  Probe  
  21  1:26  Cybernetics Core  
  21  1:30  Probe  
  22  1:39  Pylon  
  22  1:42  Probe  
  23  1:57  Probe  
  24  2:02  Warp Gate, Adept x2  
  28  2:09  Pylon  
  28  2:17  Shield Battery  
  28  2:32  Sentry  
  28  2:33  Sentry  
  28  2:35  Pylon  
  31  2:46  Robotics Facility  
  31  3:00  Nexus  
  31  3:12  Probe  
  32  3:21  Probe  
  32  3:22  Warp Prism  
  33  3:27  Pylon  
  33  3:29  Probe  
  36  3:38  Probe  
  36  3:39  Pylon  
  37  3:50  Probe  
  38  3:58  Adept x2  
  43  4:02  Probe  
  43  4:03  Observer  
  43  4:09  Probe  
  44  4:10  Probe  
  46  4:17  Probe  
  46  4:18  Forge  
  46  4:19  Probe  
  48  4:27  Probe  
  48  4:29  Probe  
  50  4:34  Assimilator  
  50  4:36  Assimilator  
  50  4:39  Probe  
  50  4:41  Probe  
  52  4:48  Immortal  
  56  4:53  Probe x2  
  58  5:02  Protoss Ground Weapons Level 1  
  58  5:03  Adept x2  
  58  5:05  Probe x2  
  60  5:17  Probe x2  
  61  5:22  Twilight Council  
  61  5:25  Probe  
  61  5:29  Probe  
  61  5:33  Probe  
  63  5:38  Adept x2  
  63  5:41  Probe  
  65  5:44  Probe  
  65  5:45  Pylon  
  66  5:54  Immortal  
  70  5:59  Probe  
  67  6:07  Stalker x2  
  67  6:11  Charge  
  65  6:14  Probe x2, Templar Archives  
  65  6:32  Gateway x2  
  65  6:33  Zealot x2  
  65  6:35  Probe  
  65  6:38  Protoss Ground Weapons Level 2  
  71  6:40  Observer  
  71  6:47  Gateway  
  71  6:49  Gateway, Probe  
  72  6:56  Gateway  
  72  7:03  Gateway  
  72  7:11  Zealot x2  
  76  7:19  Pylon  
  76  7:20  Pylon  
  74  7:36  Stalker  
  76  7:39  Pylon  
  74  7:45  High Templar x3  
  74  7:46  Stalker, High Templar  
  74  7:50  Archon x2  
  84  7:51  Pylon  
  84  7:58  Zealot x2  
  88  8:00  High Templar  
  90  8:08  Pylon  
  90  8:09  Pylon  
  90  8:11  High Templar  
  92  8:14  Photon Cannon  
  92  8:15  Archon  
  92  8:18  High Templar x2  
  92  8:19  Zealot x3  
  102  8:23  Archon  
  102  8:27  Zealot  
  102  8:30  Pylon  
  100  8:49  High Templar  
  100  8:50  Zealot x5, High Templar  
  100  8:51  Zealot  
  100  8:55  Archon  
  114  9:05  Pylon  
  114  9:07  Pylon  
  91  9:21  Zealot x3  

Tags
 
Add a new tag
Caveats
  • Supply blocks, unpowered buildings, or Contaminate may cause inaccurate times.
  • Supply counts are checked every 10 seconds.